AoeStats
← Alexspiration

Arabia

505644514Analyzed
1v1 RM · 23d ago on Sep 10, 2026· 32m 47s· 2 players
Game mode
Random Map
Map size
Tiny (2 player)
Population
200
Speed
Normal
Resources
Standard
Victory
Conquest
Starting age
Dark Age
Ending age
Imperial Age
RankedLock teamsTeams togetherTeam positionsShared explorationLock speedFull tech treeHidden civsTurbo modeCheats
Victory
Defeat
🇩🇪 Berbers · Germany
1412
+14
🇮🇳 Bohemians · India
1377
-14
ImperialSheep
6:22 Loom
9:20 Feudal Age
14:55 Double-Bit Axe
22:18 Castle Age
20:41 Horse Collar
22:00 Fletching
22:55 Padded Archer Armor
22:34 Crossbowman
24:08 Bodkin Arrow
26:59 Chemistry
32:47 Ballistics
Alexspiration
6:08 Loom
9:44 Feudal Age
10:24 Double-Bit Axe
13:26 Horse Collar
15:22 Fletching
21:51 Castle Age
20:08 Gold Mining
20:25 Padded Archer Armor
20:50 Scale Barding Armor
21:13 Bloodlines
21:38 Forging
23:06 Chain Barding Armor
23:34 Bow Saw
24:18 Husbandry
26:17 Town Watch
29:50 Wheelbarrow
29:53 Stone Mining
32:47 Iron Casting
Connection lost

Rejoining the realm…

Still unreachable

The connection could not be restored.

Session expired

The server has moved on; the page needs a fresh start.